 Dungeon Crawl Stone Soup version 0.18-a0-1347-gb9e2fb4 (webtiles) character file.

277 WarriorsX the Covered (level 6, -2/47 HPs)
             Began as a Human Fighter on Feb 17, 2016.
             Slain by a slave (4 damage)
             ... led by Pikel
             ... on level 3 of the Dungeon.
             The game lasted 00:22:57 (3171 turns).

WarriorsX the Covered (Human Fighter)               Turns: 3171, Time: 00:22:57

Health: -2/47      AC: 11    Str: 17    XL:     6   Next: 50%
Magic:  6/6        EV:  5    Int: 10    God:
Gold:   180        SH:  9    Dex: 12    Spells: 0 memorised, 5 levels left

rFire  . . .     SeeInvis .     a - +0 long sword
rCold  . . .     Gourm    .     o - +0 chain mail
rNeg   . . .     Faith    .     c - +0 shield
rPois  .         Spirit   .     h - +0 helmet
rElec  .         Dismiss  .     (no cloak)
rCorr  .         Reflect  .     (no gloves)
SustAt +         Harm     .     (no boots)
MR     .....                    (no amulet)
Stlth  ..........               (no ring)
                                s - ring of sustain attributes

@: not resistant to hostile enchantments, extremely unstealthy
A: no striking features
a: no special abilities


You were on level 3 of the Dungeon.
You were not hungry.

You visited 1 branch of the dungeon, and saw 4 of its levels.

You collected 180 gold pieces.

Inventory:

Hand Weapons
 a - a +0 long sword (weapon)
Armour
 b - a +0 scale mail
 c - a +0 shield (worn)
 h - a +0 helmet (worn)
 o - a +0 chain mail (worn)
Jewellery
 s - a ring of sustain attributes (left hand)
Scrolls
 m - a scroll of fog {unknown}
 q - a scroll of remove curse {unknown}
 t - a scroll of identify {unknown}
Potions
 d - a potion of might
 e - a potion of heal wounds {unknown}
 g - a potion of invisibility {unknown}
 j - 2 potions of curing {unknown}
 k - a potion of flight {unknown}
 l - a potion of degeneration {unknown}
 p - 2 potions of lignification {unknown}
 r - a potion of haste {unknown}
 v - a potion of agility {unknown}
 w - a potion of resistance {unknown}
 z - a potion of brilliance {unknown}
Comestibles
 f - 4 bread rations
 i - 2 meat rations
 n - a royal jelly
 u - a slice of pizza


   Skills:
 - Level 3.0 Fighting
 + Level 4.1 Long Blades
 - Level 5.2 Armour
 - Level 2.0 Dodging
 + Level 3.0 Shields


You had 5 spell levels left.
You didn't know any spells.

Dungeon Overview and Level Annotations

Branches:
Dungeon (4/15)
 Temple: D:4-7

Altars:
Elyvilon
Makhleb

Shops:
D:4 [

Annotations:
D:4 Pikel


Message History

Unknown command.
You barely miss the slave.
The slave is heavily wounded.
The slave barely misses you. The slave hits you but does no damage.
You closely miss the slave.
The slave is heavily wounded.
The slave barely misses you. The slave hits you but does no damage.
You hit the slave but do no damage.
The slave is heavily wounded.
The slave hits you but does no damage. You block the slave's attack.
You miss the slave.
The slave is heavily wounded.
The slave hits you but does no damage. x2; You block the slave's attack. x2
You barely miss the slave.
The slave is heavily wounded.
You block the slave's attack. The slave hits you but does no damage.
You hit the slave but do no damage.
The slave is heavily wounded.
The slave hits you.
You die...

#####.#.....+.._..'.# #######.#.#
#...##....###.###.# #.......#.#
#.####....# #.# #.###.#####.#..
#.##...##.###'###...#.# #.# #
#.##.####.........#.#.#####..
#.#....######...###.#.....####
#.#....# #..## #.#####.#..
#......# ##p# #.# #.#.### ###....#
#@# #.# #.#.#.. #....# #p#
#.#####.#.##. ###### #.#
##.........##. #.# #...####......
#.# #...# #####.. ##### #.# #...#
#.. ....# #.###...########.. ....#
#.#.....##........
#..รท############.......##.######.


You could see 2 slaves.

Vanquished Creatures
  Jessica (D:3)
  Natasha (thrice) (D:3)
  Robin (D:3)
  6 adders
  5 worms
  A giant gecko (D:2)
  2 orcs (D:3)
  A ball python (D:2)
  7 giant cockroaches
  18 goblins
  9 hobgoblins
  4 jackals
  17 kobolds
  2 quokkas (D:2)
  7 bats
  A giant newt (D:1)
  8 rats
93 creatures vanquished.

Notes
Turn   | Place    | Note
--------------------------------------------------------------
     0 | D:1      | WarriorsX the Human Fighter began the quest for the Orb.
     0 | D:1      | Reached XP level 1. HP: 18/18 MP: 1/1
   124 | D:1      | Reached XP level 2. HP: 9/24 MP: 2/2
   691 | D:1      | Reached XP level 3. HP: 25/29 MP: 3/3
   703 | D:1      | Reached skill level 1 in Dodging
  1002 | D:2      | Reached skill level 4 in Armour
  1042 | D:2      | Reached XP level 4. HP: 13/35 MP: 4/4
  1986 | D:3      | Noticed Natasha
  1993 | D:3      | Killed Natasha
  1993 | D:3      | Reached XP level 5. HP: 32/41 MP: 5/5
  2018 | D:3      | Noticed Jessica
  2068 | D:3      | Killed Jessica
  2068 | D:3      | Reached skill level 5 in Armour
  2088 | D:3      | Found a burning altar of Makhleb.
  2349 | D:3      | Noticed Natasha
  2357 | D:3      | Killed Natasha
  2455 | D:3      | Reached XP level 6. HP: 47/47 MP: 6/6
  2503 | D:3      | Noticed Robin
  2623 | D:3      | Killed Robin
  2891 | D:3      | Noticed Natasha
  2892 | D:3      | Found a white marble altar of Elyvilon.
  2906 | D:3      | Killed Natasha
  3145 | D:4      | Found Docsagug's Armour Shop.
  3145 | D:4      | Noticed Pikel
  3145 | D:4      | Noticed a slave
  3145 | D:4      | Noticed a slave
  3145 | D:4      | Noticed a slave
  3145 | D:4      | Noticed a slave
  3165 | D:3      | HP: 2/47 [slave[Pikel] (1)]
  3171 | D:3      | Slain by a slave

Vault maps used:
D:1:      dpeg_arrival_round_b
D:3:      lemuel_doored_altar, minmay_misc_feat_doors, elyvilon_altar_5,
          uniq_natasha, uniq_jessica, uniq_robin
D:4:      serial_shops, shop, shop, minmay_joined_circles, uniq_pikel

Action                   |  1- 3 |  4- 6 || total
-------------------------+-------+-------++-------
Melee: Long sword        |   122 |   319 ||   441
  Eat: Chunk             |       |     8 ||     8
